 Dungeon Crawl Stone Soup version 0.30-a0-1114-gd936c97349 (webtiles) character file.

Game seed: 1429060924050809251

6325 funkygono the Cleaver (level 10, -1/90 HPs)
             Began as a Minotaur Fighter on Apr 20, 2023.
             Slain by a nine-headed hydra (3 damage)
             ... on level 8 of the Dungeon.
             The game lasted 00:11:50 (6502 turns).

funkygono the Cleaver (Minotaur Fighter)            Turns: 6502, Time: 00:11:50

Health: -1/90      AC: 19    Str: 26    XL:     10   Next: 64%
Magic:  9/9        EV:  5    Int:  7    God:
Gold:   1055       SH: 13    Dex:  5    Spells: 9/9 levels left

rFire   + . .      SeeInvis .    f - +8 war axe of Ageing Terror {heavy, rF+ rCorr Int+2 Dex-4}
rCold   . . .      Faith    .    p - +0 tower shield
rNeg    + . .      Spirit   .    B - +0 plate armour
rPois   +          Reflect  .    b - +0 hat "Voirom" {rN+ Slay+5}
rElec   .          Rampage  .    D - +0 cloak {rPois}
rCorr   +                        m - +0 pair of gloves
Will    .....                    x - +1 pair of boots Stlth
                                 s - amulet of magic regeneration
HPRegen 0.35/turn                h - ring of flight
MPRegen 0.51/turn                (no ring)

@: flying
A: horns 2, retaliatory headbutt
a: no special abilities


You were on level 8 of the Dungeon.
You visited 2 branches of the dungeon, and saw 10 of its levels.

You collected 1055 gold pieces.

Inventory:

Hand Weapons
 a - a +1 war axe of flaming
 f - the +8 war axe of Ageing Terror (weapon) {heavy, rF+ rCorr Int+2 Dex-4}
   (You acquired it on level 3 of the Dungeon)

   Int:       It affects your intelligence (+2).
   Dex:       It affects your dexterity (-4).
   rF:        It protects you from fire.
   rCorr:     It protects you from acid and corrosion.
Missiles
 j - 13 boomerangs (quivered)
Armour
 b - the +0 hat "Voirom" (worn) {rN+ Slay+5}
   (You acquired it on level 4 of the Dungeon)

   Slay:      It affects your accuracy & damage with ranged weapons and melee
   (+5).
   rN:        It protects you from negative energy.
 m - a +0 pair of gloves (worn)
 p - a +0 tower shield (worn)
 x - a +1 pair of boots (worn)
 B - a +0 plate armour (worn)
 D - a +0 cloak of poison resistance (worn)
Jewellery
 h - a ring of flight (left hand)
 s - an amulet of magic regeneration (around neck)
 E - the ring "Deadiepp" {rN+ rCorr EV+5 Str-3 Slay+6}
   (You found it on level 8 of the Dungeon)

   [ring of evasion]

   EV:        It affects your evasion (+5).
   Str:       It affects your strength (-3).
   Slay:      It affects your accuracy & damage with ranged weapons and melee
   (+6).
   rN:        It protects you from negative energy.
   rCorr:     It protects you from acid and corrosion.
Wands
 q - a wand of mindburst (30)
 y - a wand of flame (17)
 C - a wand of iceblast (7)
 G - a wand of digging (6)
Scrolls
 c - 3 scrolls of immolation
 l - 2 scrolls of magic mapping
 n - a scroll of butterflies
 o - 6 scrolls of teleportation
 t - a scroll of brand weapon
 v - a scroll of amnesia
 z - a scroll of poison {unknown}
 F - 3 scrolls of enchant weapon
Potions
 d - a potion of might
 e - a potion of flight
 g - 8 potions of curing
 i - 3 potions of heal wounds
 k - 2 potions of haste
 r - a potion of brilliance
 u - a potion of ambrosia
 w - 4 potions of lignification
 A - a potion of attraction {unknown}
 H - 2 potions of mutation {unknown}
 I - a potion of degeneration {unknown}


   Skills:
 + Level 8.4 Fighting
 + Level 12.3 Axes
 + Level 9.4 Armour
 + Level 4.1 Dodging
 + Level 0.3 Stealth
 + Level 9.4 Shields


You had 9 spell levels left.
You didn't know any spells.
Your spell library contained the following spells:

 Spells                   Type           Power      Damage    Failure   Level
 Sublimation of Blood     Necr           0%         N/A       100%        2
 Gell's Gravitas          Tloc           0%         N/A       100%        3
 Teleport Other           Tloc           0%         N/A       100%        3
 Vhi's Electric Charge    Tloc/Air       0%         N/A       100%        3
 Petrify                  Tmut/Erth      0%         N/A       100%        4
 Arcjolt                  Conj/Air       0%         1d10      100%        5
 Irradiate                Conj/Tmut      0%         3d11      100%        5
 Dispersal                Tloc           0%         N/A       100%        6
 Maxwell's Capacitive Co  Air            0%         ∞         100%        8


Dungeon Overview and Level Annotations

Branches:
Dungeon (9/15)             Temple (1/1) D:6             Orc (0/2) D:9
   Lair: D:8-11

Altars:
Ashenzari
Cheibriados
Dithmenos
Elyvilon
Fedhas
Gozag
Hepliaklqana
Kikubaaqudgha
Nemelex Xobeh
Ru
Sif Muna
Uskayaw
Wu Jian
Xom
Yredelemnul
Zin
The Shining One

Shops:
D:3 !

Annotations:
D:9 1 runed translucent door, hackum's ghost, journeyman OpGl


Innate Abilities, Weirdness & Mutations

You have a pair of horns on your head.
You reflexively headbutt those who attack you in melee.


Message History

There is a stone staircase leading up here.
The six-headed hydra bites you.
The six-headed hydra barely misses you. x2
The six-headed hydra bites you.
You block the six-headed hydra's attack.
The six-headed hydra bites you!
You fly upwards.
There is a stone staircase leading down here.
You slice one of the six-headed hydra's heads off!
The five-headed hydra grows two more!
You slice the seven-headed hydra!! You headbutt the seven-headed hydra.
The seven-headed hydra is severely wounded.
You block the seven-headed hydra's attack. x2
The seven-headed hydra bites you but does no damage. x2
The seven-headed hydra bites you! x2
* * * LOW HITPOINT WARNING * * *
The seven-headed hydra barely misses you.
You slice one of the seven-headed hydra's heads off!
The six-headed hydra grows two more!
You slash the eight-headed hydra!
The eight-headed hydra is severely wounded.
The eight-headed hydra bites you but does no damage.
The eight-headed hydra bites you!
* * * LOW HITPOINT WARNING * * *
You block the eight-headed hydra's attack. x3
The eight-headed hydra bites you but does no damage.
The eight-headed hydra bites you.
* * * LOW HITPOINT WARNING * * *
The eight-headed hydra bites you but does no damage.
The eight-headed hydra barely misses you.
The eight-headed hydra bites you but does no damage.
You block the eight-headed hydra's attack.
The eight-headed hydra bites you but does no damage.
The eight-headed hydra completely misses you.
The eight-headed hydra bites you but does no damage. x2
You block the eight-headed hydra's attack.
You lop one of the eight-headed hydra's heads off!
The seven-headed hydra grows two more!
You slice the nine-headed hydra!!
Your headbutt misses the nine-headed hydra.
The nine-headed hydra is almost dead.
The nine-headed hydra bites you.
You die...

.........# #...).....#
.........# #.........#
...##...## #...##...##
#####...############...##
#.........#..........#
#.........+..........#
#.........#..........#
#.........#.D........#
##...##...#..@.......#
##...##...#.[........#
#.....+...#..........#
#....##...##...##...##
#....##...##...##...##
#####...##....#>........#
...##...##....#.........#
..............'.........#
..............#.........#


You could see a nine-headed hydra.

Vanquished Creatures
  A hydra (D:9)
  A two-headed ogre (D:9)
  2 trolls (D:9)
  A hornet (D:8)
  A wyvern (D:9)
  A steam dragon (D:9)
  Edmund (D:5)
  An acid dragon (D:9)
  3 water moccasins
  5 orc warriors
  A black bear (D:5)
  An ice beast (D:4)
  3 sky beasts
  3 ogres
  3 centaurs
  A phantom (D:4)
  A bullfrog (D:8)
  A scorpion (D:5)
  4 wights (D:8)
  5 killer bees (D:9)
  2 electric eels (D:9)
  8 howler monkeys
  2 jellies
  3 gnoll boudas
  4 hounds
  6 orc priests
  A sleepcap (D:6)
  An iguana (D:6)
  6 orc wizards
  11 gnolls
  11 adders
  A shadow imp (D:6)
  A white imp (D:5)
  2 ufetubi
  4 worms
  A dart slug (D:1)
  39 orcs
  13 ball pythons
  4 bats
  7 endoplasms
  5 giant cockroaches
  10 goblins
  7 hobgoblins
  7 jackals
  6 kobolds
  3 quokkas
  4 frilled lizards
  7 rats
216 creatures vanquished.

Vanquished Creatures (others)
  Maurice (D:8)
  2 fungi (D:9)
  10 plants (D:9)
13 creatures vanquished.

Grand Total: 229 creatures vanquished

Notes
Turn   | Place    | Note
-------+----------+-------------------------------------------
     0 | D:1      | funkygono the Minotaur Fighter began the quest for the Orb.
     0 | D:1      | Reached XP level 1. HP: 19/19 MP: 0/0
   118 | D:1      | Reached XP level 2. HP: 26/27 MP: 1/1
   386 | D:1      | Reached XP level 3. HP: 10/33 MP: 2/2
  1057 | D:2      | Reached skill level 3 in Axes
  1237 | D:2      | Reached XP level 4. HP: 29/40 MP: 3/3
  1922 | D:3      | Found Rinowked's Distillery.
  1940 | D:3      | You are sucked into a shaft and drop 3 floors!
  1950 | D:6      | Noticed an ogre
  1955 | D:5      | Entered Level 5 of the Dungeon
  2122 | D:5      | Noticed a black bear
  2134 | D:5      | Killed a black bear
  2135 | D:5      | Reached skill level 4 in Axes
  2135 | D:5      | Reached skill level 5 in Armour
  2135 | D:5      | Reached XP level 5. HP: 44/47 MP: 4/4
  2173 | D:4      | Reached skill level 1 in Dodging
  2263 | D:4      | Reached XP level 6. HP: 43/53 MP: 5/5
  2274 | D:4      | Reached skill level 5 in Axes
  2385 | D:4      | Reached skill level 5 in Shields
  2728 | D:3      | Identified a scroll of acquirement
  2728 | D:3      | Acquired the +8 war axe of Ageing Terror {heavy, rF+ rCorr
                  | Int+2 Dex-4}
  2941 | D:4      | Reached XP level 7. HP: 60/60 MP: 6/6
  2955 | D:4      | Reached skill level 5 in Fighting
  2969 | D:4      | Reached skill level 6 in Axes
  3276 | D:4      | Acquired the +0 hat "Voirom" {rN+ Slay+5}
  3335 | D:5      | Found a shimmering blue altar of Sif Muna.
  3368 | D:5      | Noticed Edmund
  3374 | D:5      | Killed Edmund
  3600 | D:5      | Reached skill level 7 in Axes
  3640 | D:6      | Reached XP level 8. HP: 58/69 MP: 7/7
  3682 | D:6      | Found a staircase to the Ecumenical Temple.
  3725 | Temple   | Entered the Ecumenical Temple
  3867 | D:6      | Reached skill level 8 in Axes
  4345 | D:7      | Reached skill level 9 in Axes
  4462 | D:7      | Reached XP level 9. HP: 77/77 MP: 8/8
  4981 | D:8      | Noticed Maurice
  4989 | D:8      | Killed Maurice
  4990 | D:8      | Reached skill level 10 in Axes
  5034 | D:8      | Identified the ring "Deadiepp" {rN+ rCorr EV+5 Str-3
                  | Slay+6}
  5589 | D:9      | Found a hazy altar of Hepliaklqana.
  5592 | D:9      | Found an opulent altar of Gozag.
  5655 | D:9      | Reached XP level 10. HP: 88/88 MP: 9/9
  5660 | D:9      | Reached skill level 11 in Axes
  5735 | D:9      | Found a staircase to the Orcish Mines.
  5784 | D:9      | Found a runed translucent door.
  5787 | D:9      | Noticed hackum's ghost (journeyman OpGl)
  5789 | D:9      | Identified the +1 spear of Kiodd {heavy, rC+ rCorr}
  5795 | D:9      | Found a sacrificial altar of Ru.
  5927 | D:9      | Noticed a two-headed ogre
  5931 | D:9      | Killed a two-headed ogre
  6048 | D:9      | Noticed a five-headed hydra
  6056 | D:9      | Killed an eight-headed hydra
  6057 | D:9      | Reached skill level 12 in Axes
  6221 | D:9      | Noticed a death knight
  6221 | D:9      | Noticed a five-headed hydra
  6221 | D:9      | Noticed a boulder beetle
  6501 | D:8      | HP: 4/90 [eight-headed hydra (13)]
  6501 | D:8      | HP: 1/90 [eight-headed hydra (3)]
  6502 | D:8      | Slain by a nine-headed hydra

Illustrated notes

Levels and vault maps discovered:
D:1:      erik_arrival_cave_to_civilisation [erik_arrival_cave_to_hall],
          layout_basic, minmay_tall_x
D:2:      layout_rooms
D:3:      layout_basic, serial_shops, shop
D:4:      minmay_bubble_buster, layout_rooms
D:5:      layout_cave_pools, mainiacjoe_overflow_surrounded_room, uniq_edmund
D:6:      layout_rooms, minmay_temple_entry_slanted
D:7:      layout_cave_pools
D:8:      minmay_goldmine, layout_gridville, uniq_maurice
D:9:      layout_irregular_city, nicolae_overflow_hidden_temple,
          nicolae_overflow_squiral, orc_0_dummy, ebering_ghost_funeral_grove,
          serial_rivers, chequers_serial_rivers_micro_a,
          chequers_serial_rivers_small_a, chequers_serial_rivers_micro_e,
          chequers_serial_rivers_small_a, minmay_shattered_shrine
Temple:   nicolae_temple_ecumenical_triangle

Skill      XL: |  1  2  3  4  5  6  7  8  9 10 |
---------------+-------------------------------+-----
Armour         | 4 5 6 7 8 9 |  9.4
Fighting       | 4 5 6 7 8 |  8.4
Shields        | 4 5 6 7 8 9 |  9.4
Axes           | 3 4 5 7 9 10 12 | 12.3
Dodging        | 1 2 3 4 |  4.1
Stealth        | |  0.3

Action                     |  1- 3 |  4- 6 |  7- 9 | 10-12 || total
---------------------------+-------+-------+-------+-------++-------
  Melee: War axe           |    83 |   126 |   161 |    40 ||   410
         Headbutt          |    11 |     9 |    13 |     9 ||    42
    Use: Scroll            |       |    15 |     7 |     1 ||    23
         Potion            |       |       |       |     2 ||     2
 Armour: Scale mail        |    58 |    55 |       |       ||   113
         Chain mail        |       |       |   105 |       ||   105
         Plate armour      |       |       |    21 |    49 ||    70
  Dodge: Dodged            |    31 |    33 |    46 |    24 ||   134
  Block: Buckler           |    10 |       |       |       ||    10
         Tower shield      |    33 |    99 |   133 |    51 ||   316

Table legend: (Time is in decaauts)
 A = Elapsed time spent in this place.
 B = Non-inter-level travel time spent in this place.
 C = Inter-level travel time spent in this place.
 D = Time resting spent in this place.
 E = Time spent auto-exploring this place.
 F = Levels seen in this place.
 G = Mean time per level.
                   A        B        C        D        E       F      G
               +--------+--------+--------+--------+--------+-----+--------+
         Total |   6821 |   6649 |    172 |    288 |   4783 |  10 |  682.1 |
       Dungeon |   6777 |   6616 |    161 |    288 |   4755 |   9 |  753.0 |
        Temple |     43 |     33 |     10 |      0 |     28 |   1 |   43.0 |
               +--------+--------+--------+--------+--------+-----+--------+

Top non-repeatable levels by time:
     D:1: 1050 daAuts
     D:9: 961 daAuts
     D:4: 940 daAuts
     D:8: 758 daAuts
     D:3: 732 daAuts
     D:6: 718 daAuts
     D:5: 540 daAuts
     D:7: 538 daAuts
     D:2: 535 daAuts
  Temple: 43 daAuts
